 Dungeon Crawl Stone Soup version 0.28-a0-1312-g71652a0310 (webtiles) character file.

Game seed: 15672917300153880523

249 bande the Skirmisher (level 6, 0/38 HPs)
             Began as a Gargoyle Fighter on Dec 28, 2021.
             Slain by an orc wizard (3 damage)
             ... on level 3 of the Dungeon.
             The game lasted 00:03:58 (2181 turns).

bande the Skirmisher (Gargoyle Fighter)             Turns: 2181, Time: 00:03:59

Health: 0/38       AC: 12    Str: 19    XL:     6   Next: 12%
Magic:  6/6        EV:  9    Int:  9    God:
Gold:   93         SH:  0    Dex: 11    Spells: 5/5 levels left

rFire   . . .      SeeInvis .   a - +0 war axe
rCold   . . .      Faith    .   c - +0 buckler
rNeg    + . .      Spirit   .   b - +0 scale mail
rPois   ∞          Reflect  .   g - +0 helmet
rElec   +          Harm     .   (no cloak)
rCorr   .          Rampage  .   (no gloves)
Will    .....                   (no boots)
Stlth   ..........              (no amulet)
HPRegen 0.12/turn               (no ring)
MPRegen 0.10/turn               (no ring)

@: confused
A: sickness immunity, AC +4, negative energy resistance 1, electricity
resistance, torment resistance 1, petrification resistance
a: no special abilities


You were on level 3 of the Dungeon.
You visited 1 branch of the dungeon, and saw 3 of its levels.

You collected 93 gold pieces.

Inventory:

Hand Weapons
 a - a +0 war axe (weapon)
Armour
 b - a +0 scale mail (worn)
 c - a +0 buckler (worn)
 g - a +0 helmet (worn)
Potions
 f - a potion of flight
 h - a potion of haste {unknown}


   Skills:
 + Level 4.3 Fighting
 + Level 4.3 Axes
 + Level 4.1 Armour
 + Level 3.9 Shields


You had 5 spell levels left.
You didn't know any spells.
Your spell library contained the following spells:

 Spells                   Type           Power      Damage    Failure   Level
 Sandblast                Erth           0%         2d4       75%         1
 Passwall                 Tmut/Erth      0%         N/A       87%         2
 Stone Arrow              Conj/Erth      0%         3d7       98%         3


Dungeon Overview and Level Annotations

Branches:
Dungeon (3/15)

Altars:


Innate Abilities, Weirdness & Mutations

You are immune to sickness and miasma.
Your stone body is resilient. (AC +4)
You are immune to poison.
You resist negative energy. (rN+)
You are resistant to electric shocks. (rElec)
You are resistant to unholy torment.
You are immune to petrification.


Message History

The orc wizard hits you but does no damage.
You block the orc's attack. The orc wizard casts a spell at you.
You resist with some effort.
You closely miss the orc wizard.
The orc wizard is lightly wounded.
You block the orc's attack.
The orc wizard gestures at you while chanting.
The puff of flame hits you.
Unknown command.
You closely miss the orc wizard.
The orc wizard is lightly wounded.
The orc hits you but does no damage.
The orc wizard hits you but does no damage.
You slash the orc wizard!
The orc wizard is almost dead.
The orc hits you from afar with a +0 trident!
The orc wizard points at you and mumbles some strange words.
You are confused.
The orc hits you from afar with a +0 trident.
The orc wizard casts a spell.
The orc wizard flickers and vanishes!
Deactivating autopickup; reactivate with Ctrl-A.
You bump into the rock wall.
A magic dart appears from out of thin air!
The magic dart hits you.
You bump into the rock wall.
A magic dart appears from out of thin air!
The magic dart hits you.
* * * LOW HITPOINT WARNING * * *
You bump into the rock wall.
You hear some strange, mumbled words.
A magic dart appears from out of thin air!
The magic dart hits you!
* * * LOW HITPOINT WARNING * * *
You're too confused to move!
The orc hits you from afar with a +0 trident.
* * * LOW HITPOINT WARNING * * *
Something hits you.
You die...

#.#####.# ≈
#.###########≈≈ #
#............≈≈ #.
#.######.###...
#.#####.# ##...##...
#.......####.....#...
##........###...###≈≈
#.#.####.# ##.## ≈≈ #
#@.# #.# #.# #≈ ##{#
#.# #.# ≈ #o# #.#
##'## #l# #.###...##
... ..##.....## ..#
###.......## ...#
#.........## ....
+.........'. ....#
#.........##


You could see an orc and a frilled lizard.

Vanquished Creatures
  Sigmund (D:2)
  An adder (D:3)
  A gnoll (D:1)
  2 dart slugs (D:1)
  3 orcs (D:3)
  7 bats
  3 endoplasms
  2 giant cockroaches (D:2)
  8 goblins
  7 hobgoblins
  4 jackals (D:1)
  3 quokkas
  3 ball pythons
  4 frilled lizards (D:1)
  2 kobolds (D:1)
  4 rats
55 creatures vanquished.

Notes
Turn   | Place    | Note
-------+----------+-------------------------------------------
     0 | D:1      | bande the Gargoyle Fighter began the quest for the Orb.
     0 | D:1      | Reached XP level 1. HP: 14/14 MP: 1/1
   176 | D:1      | Reached XP level 2. HP: 11/19 MP: 2/2
   786 | D:1      | Reached XP level 3. HP: 23/23 MP: 3/3
   792 | D:1      | Found a faded altar of an unknown god.
  1421 | D:2      | Noticed Sigmund
  1428 | D:2      | Killed Sigmund
  1429 | D:2      | Reached XP level 4. HP: 21/29 MP: 4/4
  1429 | D:2      | Reached XP level 5. HP: 24/33 MP: 5/5
  1429 | D:2      | Reached XP level 6. HP: 27/38 MP: 6/6
  2181 | D:3      | Slain by an orc wizard

Illustrated notes

Levels and vault maps discovered:
D:1:      giann_forest_graveyard, layout_basic, ebering_ecumenical_altar_mist,
          st_stairs_6
D:2:      layout_basic, uniq_sigmund
D:3:      kennysheep_goblin_castle, layout_loops_corners, portal_sewer_entry_d,
          uniq_ijyb

Skill      XL: |  1  2  3 |
---------------+----------+-----
Axes           | 2 4 |  4.3
Fighting       | 4 |  4.3
Armour         | 4 |  4.1
Shields        | |  3.9

Action                   |  1- 3 |  4- 6 || total
-------------------------+-------+-------++-------
Melee: War axe           |   140 |    30 ||   170
  Use: Scroll            |     2 |     2 ||     4
       Potion            |     1 |       ||     1
Armor: Scale mail        |    89 |    17 ||   106
Dodge: Dodged            |    86 |    16 ||   102
Block: Buckler           |    32 |     7 ||    39

Table legend: (Time is in decaauts)
 A = Elapsed time spent in this place.
 B = Non-inter-level travel time spent in this place.
 C = Inter-level travel time spent in this place.
 D = Time resting spent in this place.
 E = Time spent auto-exploring this place.
 F = Levels seen in this place.
 G = Mean time per level.
                   A        B        C        D        E       F      G
               +--------+--------+--------+--------+--------+-----+--------+
         Total |   2245 |   2215 |     30 |    403 |   1325 |   3 |  748.3 |
       Dungeon |   2245 |   2215 |     30 |    403 |   1325 |   3 |  748.3 |
               +--------+--------+--------+--------+--------+-----+--------+

Top non-repeatable levels by time:
     D:1: 1450 daAuts
     D:2: 653 daAuts
     D:3: 141 daAuts
